 Dungeon Crawl Stone Soup version 0.30.0-10-gfe55d96785 (webtiles) character file.

Game seed: 18244319240329208128

112 Byczy the Caller (level 4, -1/24 HPs)
             Began as a Deep Elf Summoner on May 15, 2023.
             Slain by a gnoll
             ... wielding a +0 spear of venom
              (6 damage)
             ... on level 3 of the Dungeon.
             The game lasted 00:09:09 (2218 turns).

Byczy the Caller (Deep Elf Summoner)                Turns: 2218, Time: 00:09:10

Health: -1/24      AC:  3    Str:  5    XL:     4   Next: 64%
Magic:  12/12      EV: 11    Int: 22    God:
Gold:   175        SH:  0    Dex: 15    Spells: 5/11 levels left

rFire   + . .        d - +0 dagger
rCold   . . .        (no shield)
rNeg    . . .        f - +0 leather armour {rF+}
rPois   .            (no helmet)
rElec   .            (no cloak)
rCorr   .            (no gloves)
SInv    .            (no boots)
Will    .....        (no amulet)
Stlth   +            (no ring)
HPRegen 0.24/turn    (no ring)
MPRegen 0.13/turn

%: no passive effects
@: confused, lethally poisoned (-1 -> -8), ambrosia-drunk
A: no striking features
a: no special abilities


You were on level 3 of the Dungeon.
You visited 1 branch of the dungeon, and saw 3 of its levels.

You collected 175 gold pieces.

Inventory:

Hand Weapons
 d - a +0 dagger (weapon)
Armour
 a - a +0 robe
 f - a +0 leather armour of fire resistance (worn)
Scrolls
 c - 3 scrolls of identify {unknown}
 g - a scroll of poison {unknown}
 h - a scroll of enchant weapon {unknown}
Potions
 b - a potion of magic


   Skills:
 + Level 0.2 Fighting
 + Level 0.8 Short Blades
 + Level 0.2 Armour
 + Level 2.6 Dodging
 + Level 2.9 Stealth
 + Level 4.4 Spellcasting
 + Level 5.5 Summonings


You had 5 spell levels left.
You knew the following spells:

 Your Spells              Type           Power      Damage    Failure   Level
a - Summon Small Mammal   Summ           100%       N/A       1%          1
b - Call Imp              Summ           58%        N/A       2%          2
c - Summon Guardian Gole  Hex/Summ       17%        N/A       17%         3

Your spell library contained the following spells:

 Spells                   Type           Power      Damage    Failure   Level
 Call Canine Familiar     Summ           29%        N/A       5%          3
 Summon Lightning Spire   Summ/Air       17%        N/A       50%         4


Dungeon Overview and Level Annotations

Branches:
Dungeon (3/15)

Altars:

Shops:
D:2 (


Message History

* * * LOW HITPOINT WARNING * * *
You feel very sick.
The adder closely misses your cerulean imp.
Your quokka bites the adder.
Your quokka barely misses the adder.
The gnoll closely misses you. The adder closely misses your quokka.
Your cerulean imp hits the adder but does no damage.
Okay, then.
Unknown command.
Unknown command.
* * * LOW HITPOINT WARNING * * *
You feel very sick.
Your quokka bites the adder.
The adder dies!
The gnoll hits your quokka with a +0 spear.
The gnoll hits you from afar with a +0 spear of venom.
* * * LOW HITPOINT WARNING * * *
You are more poisoned.
Your cerulean imp hits the gnoll from afar with a -2 spear.
Unknown command.
* * * LOW HITPOINT WARNING * * *
You feel very sick.
Your quokka bites the gnoll.
The gnoll hits your quokka with a +0 spear!
Your quokka dies!
Your quokka's corpse disappears in a puff of smoke!
The gnoll closely misses you.
Your cerulean imp barely misses the gnoll.
You can't go down here!
* * * LOW HITPOINT WARNING * * *
You feel very sick.
The gnoll hits your quokka with a +0 spear.
Your quokka dies!
Your quokka's corpse disappears in a puff of smoke!
The gnoll closely misses you.
Your cerulean imp barely misses the gnoll.
In your confused state, you trip and fall back down the stairs.
* * * LOW HITPOINT WARNING * * *
x2 You feel very sick.
The gnoll hits you from afar with a +0 spear of venom.
You die...

..[....# .......#
.......##
........########
...............#
.......#######.###
......g.g.r...gg.###
..)....#....###5†..#
..g)5..#....#
#.@#......
#.######....# ##.#
##### ..g# ##....#
#.# ...##.......#
#.. ..g...##....#
#### ...#####...$#
.....##.. .w.....>.
...#.....


You could see 2 gnolls and a friendly cerulean imp (summoned).

Vanquished Creatures
  2 adders
  A hobgoblin (D:1)
  A quokka (D:1)
  2 kobolds (D:2)
  A rat (D:2)
7 creatures vanquished.

Vanquished Creatures (collateral kills)
  2 gnolls (D:3)
  2 adders
  2 worms (D:2)
  A dart slug (D:1)
  A ball python (D:2)
  5 endoplasms
  3 giant cockroaches (D:1)
  4 goblins
  4 hobgoblins
  6 jackals
  2 kobolds
  4 bats
  3 rats (D:2)
39 creatures vanquished.

Grand Total: 46 creatures vanquished

Notes
Turn   | Place    | Note
-------+----------+-------------------------------------------
     0 | D:1      | Byczy the Deep Elf Summoner began the quest for the Orb.
     0 | D:1      | Reached XP level 1. HP: 10/10 MP: 6/6
   186 | D:1      | Reached XP level 2. HP: 15/15 MP: 8/8
   192 | D:1      | Learned a level 2 spell: Call Imp
   210 | D:1      | Found a faded altar of an unknown god.
   696 | D:1      | Reached skill level 5 in Summonings
   919 | D:1      | Reached XP level 3. HP: 17/19 MP: 1/9
  1180 | D:2      | Found Nugeoscho's Antique Weapon Emporium.
  1666 | D:2      | Reached XP level 4. HP: 24/24 MP: 9/11
  1678 | D:2      | Learned a level 3 spell: Summon Guardian Golem
  2218 | D:3      | Slain by a gnoll

Illustrated notes

Levels and vault maps discovered:
D:1:      lightli_arrival_windingriver, layout_basic,
          dreamdust_ecumenical_altar_grove, serial_aquarium,
          aquarium_bridge_square [aquarium_subvault_balcony,
          aquarium_subvault_bridge, aquarium_subvault_wall,
          aquarium_subvault_wall], aquarium_window_corner, aquarium_window_1,
          aquarium_window_fake, aquarium_view_2f, aquarium_view_2e,
          aquarium_pool_1, nrook_mini_vaults
D:2:      layout_loops_corners, serial_shops, nicolae_square_shop
D:3:      layout_rooms, grunt_ministairs_1, uniq_grinder

Skill      XL: |  1  2  3  4 |
---------------+-------------+-----
Summonings     | 5 |  5.5
Spellcasting   | 4 |  4.4
Fighting       | |  0.2
Short Blades   | |  0.8
Armour         | |  0.2
Dodging        | |  2.6
Stealth        | |  2.9

Action                     |  1- 3 |  4- 6 || total
---------------------------+-------+-------++-------
  Melee: Unarmed           |    17 |       ||    17
         Dagger            |    30 |    15 ||    45
         Punch             |     1 |       ||     1
   Cast: Summon Small Mamm |    52 |    22 ||    74
         Call Imp          |    14 |     5 ||    19
    Use: Potion            |       |     1 ||     1
   Stab: Sleeping          |     1 |       ||     1
 Armour: Robe              |    11 |       ||    11
         Leather armour    |     5 |     9 ||    14
  Dodge: Dodged            |    72 |    24 ||    96
